Map: Thunderbird LE

Players

HateMe

  • Race: Zerg Zerg
  • League: Master
  • Spawn Location: 11:00

TYTY (TY) - Winner!

  • Race: Terran Terran
  • League: Diamond
  • Spawn Location: 5:00

Event: HomeStory Cup XIX

VOD

Have the link to the VOD?

Description

Time

  • Played on: June 28, 2019, 11:28 a.m.
  • Length: 17:49

All games in this series

Show
View Real Time Build Order
Export as new Build Order

HateMe Zerg 

Build Orders: Hatch First 

Get SALT Encoding   

  12  0:00  Drone  
  13  0:12  Overlord  
  13  0:17  Drone  
  14  0:31  Drone x2  
  16  0:48  Hatchery  
  15  0:52  Drone  
  15  0:55  Drone  
  17  0:58  Drone  
  18  1:09  Extractor  
  17  1:14  Spawning Pool  
  17  1:17  Drone  
  17  1:19  Drone  
  18  1:28  Drone  
  19  1:38  Drone  
  20  1:49  Overlord  
  20  2:01  Queen x2  
  20  2:02  Zergling x2  
  20  2:03  Zergling x2  
  26  2:12  Metabolic Boost, Drone x2  
  28  2:22  Drone x2  
  30  2:42  Hatchery  
  30  2:43  Drone x2  
  31  2:46  Drone  
  31  2:47  Overlord  
  32  2:53  Queen  
  34  2:58  Drone  
  34  3:00  Drone  
  36  3:06  Overlord  
  36  3:08  Drone  
  37  3:13  Drone  
  37  3:14  Drone x2  
  37  3:18  Drone x2  
  42  3:27  Drone  
  42  3:28  Queen  
  45  3:35  Drone  
  45  3:38  Baneling Nest  
  45  3:40  Overlord  
  45  3:44  Zergling x6  
  45  3:45  Zergling x2  
  49  3:52  Overlord  
  49  3:53  Drone  
  49  3:55  Drone, Queen  
  51  3:58  Drone  
  51  4:00  Drone  
  51  4:01  Drone x2  
  57  4:07  Overlord  
  57  4:11  Drone x2  
  57  4:15  Drone x3  
  57  4:16  Drone  
  63  4:22  Lair  
  63  4:23  Overlord  
  63  4:27  Zergling x4  
  64  4:42  Spore Crawler  
  59  4:47  Drone x9  
  59  4:49  Drone  
  67  5:07  Evolution Chamber  
  67  5:18  Evolution Chamber  
  67  5:20  Drone x11  
  75  5:27  Drone  
  76  5:29  Overlord  
  71  5:35  Zergling x2  
  71  5:36  Zergling x10  
  71  5:42  Drone  
  78  5:46  Drone  
  78  5:48  Drone  
  80  5:55  Extractor  
  80  5:57  Extractor x3  
  77  5:58  Drone x5, Extractor  
  77  6:01  Drone  
  77  6:04  Centrifical Hooks  
  81  6:10  Overlord x2  
  82  6:11  Drone x3  
  82  6:12  Drone  
  84  6:19  Zergling x6  
  84  6:24  Baneling x2  
  87  6:26  Hatchery  
  87  6:28  Zergling x6  
  87  6:29  Evolution Chamber  
  87  6:30  Evolution Chamber  
  87  6:35  Baneling x6  
  87  6:36  Zergling x10  
  92  6:41  Zergling x8  
  96  6:47  Zergling x6  
  98  6:55  Zergling x4  
  85  7:02  Drone x6  
  85  7:04  Zerg Ground Armor Level 1, Zerg Melee Weapons Level 1  
  85  7:06  Overseer  
  89  7:08  Spore Crawler  
  89  7:10  Spore Crawler x2  
  89  7:11  Drone  
  89  7:12  Drone x3  
  89  7:13  Overlord  
  90  7:26  Drone  
  90  7:27  Hydralisk Den  
  90  7:29  Drone  
  91  7:31  Drone x5  
  91  7:32  Baneling x4  
  91  7:34  Overlord  
  91  7:35  Overlord  
  96  7:38  Zergling x10  
  101  7:45  Overlord x2  
  98  7:54  Drone x2  
  98  7:55  Drone  
  101  7:58  Muscular Augments  
  101  8:01  Hydralisk x4  
  101  8:02  Hydralisk  
  108  8:09  Hydralisk x3  
  108  8:11  Baneling x6  
  114  8:22  Drone  
  114  8:23  Drone  
  114  8:24  Hydralisk  
  114  8:25  Hydralisk x4  
  114  8:27  Overlord  
  124  8:28  Queen  
  124  8:32  Overseer  
  126  8:35  Hydralisk x3  
  132  8:42  Overseer  
  132  8:45  Zergling x14  
  139  8:49  Zergling x6  
  142  9:00  Drone x5  
  145  9:03  Extractor x2  
  145  9:04  Infestation Pit  
  145  9:06  Drone x3  
  145  9:08  Zerg Ground Armor Level 2, Zerg Melee Weapons Level 2  
  145  9:09  Drone  
  146  9:10  Drone, Grooved Spines  
  146  9:12  Overlord  
  146  9:14  Drone  
  146  9:15  Overlord  
  148  9:25  Overlord x2  
  148  9:29  Queen  
  148  9:31  Drone, Spore Crawler  
  150  9:33  Zergling x18  
  159  9:43  Hive  
  159  9:47  Baneling x8  
  159  9:56  Spore Crawler  
  159  9:58  Zergling x24  
  169  10:12  Overlord x2  
  169  10:29  Pneumatized Carapace  
  169  10:32  Drone x2  
  169  10:33  Drone x2  
  169  10:34  Hatchery  
  169  10:35  Overseer, Spore Crawler  
  171  10:47  Spore Crawler  
  170  10:58  Viper x3  
  170  10:59  Viper x2  
  185  11:06  Zergling x28  
  185  11:08  Nydus Network  
  199  11:11  Zergling x2  
  193  11:22  Zergling x12  
  198  11:30  Zergling x14  
  198  11:36  Zergling x12  
  198  11:37  Zergling x2  
  194  11:45  Zergling x18  
  189  11:55  Zergling x2  
  189  11:56  Zergling x12  
  189  12:13  Viper  
  189  12:14  Viper x2  
  189  12:15  Hydralisk x8  
  147  12:24  Hydralisk x7  
  163  12:30  Baneling  
  163  12:31  Baneling x7, Hydralisk x2  
  162  12:38  Viper x3  
  162  12:39  Hydralisk  
  162  12:40  Hydralisk x2  
  172  12:48  Hydralisk  
  172  12:49  Hydralisk x2  
  178  12:53  Extractor  
  178  12:54  Extractor  
  178  12:57  Overseer  
  174  12:59  Drone x3  
  174  13:00  Hydralisk  
  174  13:02  Hatchery  
  174  13:04  Hydralisk  
  178  13:11  Zerg Missile Weapons Level 1, Zerg Ground Armor Level 3  
  178  13:14  Hydralisk x2, Spire  
  181  13:20  Hatchery  
  181  13:24  Hydralisk x2  
  184  13:28  Spore Crawler  
  184  13:29  Overlord x2, Spore Crawler  
  182  13:36  Hydralisk  
  176  13:43  Spore Crawler  
  176  13:44  Spore Crawler  
  176  13:45  Viper, Spore Crawler  
  176  13:48  Viper  
  172  13:49  Viper  
  172  13:53  Zergling x18  
  182  14:01  Drone x2  
  182  14:02  Drone x2  
  183  14:05  Drone x2  
  185  14:19  Extractor x2  
  165  14:30  Hydralisk  
  165  14:31  Hydralisk x9  
  157  14:34  Drone x2  
  177  14:40  Drone  
  177  14:43  Zerg Flyer Weapons Level 1  
  178  14:49  Hydralisk  
  178  14:50  Hydralisk x6  
  192  15:03  Extractor  
  192  15:04  Drone  
  192  15:08  Overlord  
  192  15:09  Overlord  
  192  15:10  Pathogen Glands  
  192  15:19  Zergling x2  
  184  15:29  Hatchery  
  184  15:35  Hydralisk x10  
  147  15:39  Zergling x22  
  157  15:48  Viper x3  
  157  15:58  Drone x8  
  165  16:07  Neural Parasite  
  165  16:10  Viper x2  
  165  16:11  Hatchery  
  170  16:19  Drone x4  
  174  16:31  Hydralisk x5  
  174  16:32  Hydralisk  
  186  16:47  Hydralisk x5  
  195  16:56  Overseer  
  193  17:07  Hatchery  
Show
View Real Time Build Order
Export as new Build Order

TYTY Terran - Winner!

Build Orders: Gas First Reaper Expand, Liberator Opening 

Get SALT Encoding   

  12  0:00  SCV  
  13  0:12  SCV  
  14  0:17  Supply Depot  
  14  0:25  SCV  
  15  0:28  Refinery  
  15  0:39  SCV  
  16  0:43  Barracks  
  16  0:51  SCV  
  17  1:03  SCV  
  18  1:15  SCV  
  19  1:30  Reaper  
  19  1:31  Orbital Command  
  20  1:41  Command Center  
  20  1:51  Factory  
  20  1:57  SCV  
  21  2:03  Supply Depot  
  21  2:06  Barracks Reactor  
  21  2:09  SCV  
  21  2:12  Refinery  
  22  2:21  SCV  
  23  2:33  SCV  
  24  2:41  Starport  
  24  2:45  SCV  
  24  2:47  Hellion x2  
  24  2:49  Marine  
  30  2:54  Orbital Command  
  30  2:57  SCV  
  31  3:08  Widow Mine x2  
  31  3:09  SCV  
  36  3:17  Medivac  
  38  3:20  SCV  
  38  3:22  SCV  
  40  3:27  Supply Depot  
  40  3:30  Widow Mine  
  40  3:31  Widow Mine  
  44  3:35  SCV x2  
  44  3:37  Barracks Tech Lab  
  44  3:41  Liberator  
  46  3:43  Supply Depot  
  46  3:48  SCV x2  
  46  3:51  Hellion  
  52  3:58  Supply Depot  
  52  4:00  SCV  
  54  4:05  SCV  
  55  4:12  SCV  
  55  4:16  Marine x2  
  58  4:18  SCV, Supply Depot  
  58  4:20  Siege Tank  
  62  4:25  SCV  
  62  4:30  SCV  
  64  4:34  Marine x2  
  64  4:37  SCV  
  67  4:43  Starport Tech Lab  
  63  4:47  SCV  
  63  4:49  SCV  
  63  4:52  Marine x2  
  67  4:53  Refinery  
  67  4:54  Refinery  
  67  4:56  Siege Tank  
  67  4:59  SCV  
  67  5:01  Command Center, SCV  
  67  5:09  Marine  
  67  5:10  Marine  
  67  5:12  SCV  
  67  5:13  SCV  
  71  5:17  Supply Depot  
  71  5:18  Supply Depot  
  71  5:24  SCV  
  71  5:25  SCV  
  71  5:27  Marine x2  
  75  5:31  Supply Depot  
  75  5:34  Banshee, Cloaking Field  
  76  5:36  SCV  
  76  5:39  Siege Tank  
  80  5:44  SCV  
  80  5:45  Marine x2  
  80  5:49  SCV  
  84  5:50  Supply Depot  
  84  5:55  Supply Depot  
  84  5:56  SCV  
  85  6:01  SCV  
  85  6:03  Supply Depot  
  85  6:04  Marine x2  
  86  6:08  SCV  
  86  6:11  Siege Tank  
  92  6:14  Orbital Command  
  92  6:15  SCV  
  92  6:17  Banshee  
  96  6:19  Refinery  
  96  6:20  Refinery, SCV  
  96  6:21  Orbital Command  
  97  6:27  Marine x2, SCV  
  97  6:30  Starport  
  97  6:31  Starport  
  97  6:32  SCV  
  101  6:39  SCV  
  102  6:44  Siege Tank, SCV  
  102  6:45  Marine x2  
  108  6:48  SCV  
  108  6:51  SCV  
  107  6:56  SCV  
  91  7:02  SCV  
  91  7:03  Marine  
  91  7:04  SCV  
  91  7:07  Hyperflight Rotors, Banshee  
  88  7:09  Starport Reactor  
  88  7:12  Command Center, SCV  
  88  7:14  Marine, SCV  
  91  7:16  Siege Tank, SCV  
  91  7:21  Marine  
  96  7:24  Starport Reactor, SCV  
  96  7:26  SCV  
  96  7:28  SCV, Fusion Core  
  99  7:32  Liberator x2  
  99  7:33  Command Center  
  99  7:34  Liberator  
  99  7:36  Marine  
  100  7:37  SCV  
  100  7:38  SCV  
  100  7:40  SCV  
  104  7:44  Liberator  
  104  7:50  Liberator, SCV  
  111  7:52  SCV  
  111  7:54  Supply Depot  
  111  7:56  Supply Depot  
  114  8:05  SCV x2  
  119  8:06  SCV  
  119  8:08  Command Center  
  123  8:18  Siege Tank  
  125  8:23  Liberator x2, SCV x3  
  123  8:35  SCV x2  
  123  8:40  Engineering Bay  
  134  8:42  SCV  
  134  8:46  Refinery  
  134  8:47  Command Center  
  133  8:51  SCV  
  133  8:52  Refinery, Liberator x2, SCV  
  133  8:54  SCV  
  136  9:03  SCV  
  136  9:04  Refinery, SCV  
  136  9:06  Planetary Fortress  
  136  9:08  Command Center  
  143  9:12  SCV  
  143  9:13  Orbital Command  
  143  9:15  Armory  
  143  9:16  SCV  
  142  9:18  Armory  
  142  9:29  Command Center  
  142  9:30  Sensor Tower  
  142  9:33  Armory  
  142  9:36  Supply Depot  
  142  9:39  Viking x3  
  142  9:40  SCV  
  149  9:46  SCV  
  149  9:52  Viking x2  
  154  10:06  Siege Tank  
  157  10:08  Orbital Command  
  157  10:09  Viking, Starport  
  157  10:10  Viking, Starport  
  157  10:12  Viking, Command Center, Sensor Tower  
  162  10:19  SCV x4  
  162  10:20  Orbital Command  
  165  10:25  Terran Ship Weapons Level 1  
  165  10:26  Terran Vehicle And Ship Armor Level 1  
  165  10:28  Viking x2  
  165  10:31  Missile Turret  
  165  10:32  Missile Turret  
  169  10:35  SCV  
  169  10:36  SCV  
  169  10:42  Siege Tank  
  174  10:45  Refinery  
  174  10:46  Starport Tech Lab x2  
  174  10:48  Refinery  
  174  10:49  Command Center  
  174  10:50  Planetary Fortress  
  174  10:52  Refinery  
  174  10:58  Smart Servos  
  174  11:01  Refinery  
  174  11:02  SCV x4  
  178  11:09  Viking x2  
  182  11:11  Missile Turret  
  182  11:17  Siege Tank  
  182  11:18  Missile Turret  
  176  11:20  Missile Turret  
  170  11:35  SCV x3  
  170  11:38  Planetary Fortress  
  169  11:40  Battlecruiser x2  
  169  11:42  Orbital Command  
  169  11:45  Missile Turret  
  181  11:47  Missile Turret  
  181  11:48  Battlecruiser  
  185  12:03  Siege Tank  
  167  12:19  SCV x5  
  167  12:21  Refinery  
  166  12:42  Command Center  
  166  12:44  Battlecruiser x2  
  166  12:46  Command Center  
  166  12:51  Terran Ship Weapons Level 2  
  175  12:52  Terran Vehicle And Ship Armor Level 2, Battlecruiser  
  175  12:55  Starport  
  181  12:59  Refinery  
  181  13:05  Siege Tank  
  178  13:07  Factory  
  178  13:19  Missile Turret  
  178  13:21  Viking x2, Weapon Refit, Command Center  
  178  13:22  Viking  
  184  13:29  Sensor Tower  
  184  13:32  Viking  
  186  13:37  Siege Tank  
  188  13:48  Liberator x4  
  188  13:49  Viking, Battlecruiser  
  192  13:58  Factory Tech Lab  
  190  14:30  Battlecruiser x2  
  194  14:33  Siege Tank  
  194  14:34  Siege Tank  
  200  14:45  Sensor Tower  
  200  14:46  Orbital Command  
  200  14:55  Missile Turret x2  
  200  14:56  Starport Tech Lab  
  200  15:00  Planetary Fortress  
  200  15:04  Command Center, Unknown, Missile Turret x2, Sensor Tower  
  200  15:05  Unknown  
  200  15:06  Liberator x2  
  194  15:21  Siege Tank x2  
  173  15:40  Battlecruiser x2  
  173  15:41  Battlecruiser  
  171  15:46  SCV  
  171  15:47  SCV x3  
  172  15:53  Siege Tank x2, Liberator x3  
  178  16:01  SCV x2  
  189  16:18  Planetary Fortress  
  189  16:19  Missile Turret x2  
  189  16:22  Unknown x2  
  189  16:25  Siege Tank  
  189  16:26  Siege Tank  
  195  16:39  Battlecruiser  
  200  16:48  Missile Turret  
Tags
 
Add a new tag
Caveats
  • Supply blocks, unpowered buildings, or Contaminate may cause inaccurate times.
  • Supply counts are checked every 10 seconds.